 Dungeon Crawl Stone Soup version 0.31.0-11-ge490571c62 (webtiles) character file.

Game seed: 14553225743351312574

25497 booth the Cleaver (level 12, 0/101 HPs)
             Began as a Demonspawn Monk on Jan 26, 2024.
             Was a High Priest of Jiyva.
             Shot with an arrow by Nessos (8 damage)
             ... on level 3 of the Lair of Beasts on Jan 27, 2024.
             The game lasted 01:07:06 (10404 turns).

booth the Cleaver (Demonspawn Monk)                Turns: 10404, Time: 01:07:06

Health: 0/101      AC:  9    Str: 15    XL:     12   Next: 90%
Magic:  12/12      EV: 13    Int: 20    God:    Jiyva [*****.]
Gold:   393        SH:  8    Dex: 11    Spells: 11/11 levels left

rFire   . . .        t - +6 mace "Qakofruj" {drain, Fly rPois rN+ Dex-3}
rCold   + . .        (no shield)
rNeg    + . .        w - +0 steam dragon scales
rPois   +            (no helmet)
rElec   +            f - +2 cloak
rCorr   +            (gloves unavailable)
SInv    +            (no boots)
Will    +....        (no amulet)
Stlth   ++           K - ring of Cuusiy {rElec Will+}
HPRegen 1.80/turn    J - ring "Zohusyuh" {rPois Int+4}
MPRegen 0.85/turn

%: no passive effects
@: lethally poisoned (0 -> 0), flying
A: large bone plates 3, condensation shield, demonic magic 1, demonic touch 3,
hooves 1, clever 1, cold resistance 1, mutation resistance 2, wild magic 1,
eyeballs 3, jelly sensing items
a: Renounce Religion, Oozemancy, Slimify


You were on level 3 of the Lair of Beasts.
You worshipped Jiyva.
Jiyva was extremely pleased with you.
You visited 3 branches of the dungeon, and saw 15 of its levels.

You collected 473 gold pieces.
You spent 80 gold pieces at shops.

Inventory:

Hand Weapons
 e - a +1 hand axe of electrocution
 r - a +3 dire flail
 t - the +6 mace "Qakofruj" (weapon) {drain, Fly rPois rN+ Dex-3}
   (You found it on level 3 of the Lair of Beasts)

   Dex-3:     It affects your dexterity (-3).
   rPois:     It protects you from poison rN+: It protects you from negative
   energy.
   Fly:       It grants you flight.
 x - a +0 war axe
Missiles
 m - 6 boomerangs (quivered)
 G - 17 poisoned darts
 L - 2 curare-tipped darts
Armour
 d - an orb of light
 f - a +2 cloak (worn)
 p - a +0 scale mail
 w - +0 steam dragon scales (worn)
 D - a +0 chain mail
Jewellery
 q - a ring of magical power
 y - a ring of positive energy
 F - a ring of see invisible
 J - the ring "Zohusyuh" (right hand) {rPois Int+4}
   (You acquired it on level 9 of the Dungeon)

   [ring of poison resistance]

   Int+4:     It affects your intelligence (+4).
   rPois:     It protects you from poison
 K - the ring of Cuusiy (left hand) {rElec Will+}
   (You found it on level 9 of the Dungeon)

   [ring of willpower]

   rElec:     It insulates you from electricity.
   Will+:     It increases your willpower.
Wands
 a - a wand of roots (18)
 v - a wand of flame (11)
 C - a wand of mindburst (7)
 I - a wand of paralysis (4)
Scrolls
 b - 3 scrolls of poison
 i - a scroll of revelation
 o - 2 scrolls of teleportation
 s - 2 scrolls of identify
Potions
 c - a potion of ambrosia
 g - a potion of brilliance
 j - 2 potions of curing
 k - a potion of berserk rage
 l - 3 potions of resistance
 n - a potion of heal wounds
 z - a potion of mutation


   Skills:
 + Level 11.6 Fighting
 * Level 14.5 Axes
 + Level 8.2 Throwing
 - Level 3.7 Armour
 - Level 4.9 Dodging
 - Level 4.1 Stealth


You had 11 spell levels left.
You didn't know any spells.
Your spell library contained the following spells:

 Spells                   Type           Power      Damage    Failure   Level
 Call Imp                 Summ           0%         N/A       36%         2
 Sublimation of Blood     Necr           0%         N/A       36%         2
 Summon Hydra             Summ           0%         N/A       100%        7
 Chain Lightning          Conj/Air       0%         N/A       100%        9
 Fire Storm               Conj/Fire      0%         5d1       100%        9
 Shatter                  Erth           0%         3d5*      100%        9


Dungeon Overview and Level Annotations

Branches:
Dungeon (11/15)            Temple (1/1) D:7            Lair (3/5) D:10
  Snake (0/4) Lair:2
  Swamp: Lair:2-3    Shoals: Lair:2-3       Orc: D:9-12

Altars:
Ashenzari
Cheibriados
Dithmenos
Fedhas
Gozag
Hepliaklqana
Kikubaaqudgha
Makhleb
Nemelex Xobeh
Okawaru
Qazlal
Ru
Sif Muna
Trog
Uskayaw
Vehumet
Wu Jian
Xom
Yredelemnul
Jiyva

Shops:
D:1 *

Annotations:
Lair:3 Gastronok, Nessos


Innate Abilities, Weirdness & Mutations

You are completely covered in large bone plates. (SH +8)
A meltable shield of frost defends you. (SH +0)
Spells you cast may paralyse adjacent enemies.
Your touch may irresistibly damage your foes and sap their willpower.
You have large cloven feet.
Your mind is acute. (Int +4, Str/Dex -1)
Your flesh is cold resistant. (rC+)
You are somewhat resistant to both further mutation and mutation removal.
Your spells are a little harder to cast, but a little more powerful.
Your body is covered in eyes which may confuse attackers. (Acc +7, SInv)
You have a small jelly attached to you that senses nearby items.


Message History

Nessos casts a spell.
Nessos seems to speed up.
You hear a distant slurping noise.
Nessos wields a +2 longbow of flaming.
It bursts into flame!
Nessos shoots an arrow.
The arrow hits you!!
Your condensation shield dissipates!
The arrow burns you.
Nessos shoots an arrow.
The arrow hits you! The arrow burns you.
Nessos shoots an arrow.
The arrow hits you! The arrow burns you.
You are poisoned.
Nessos shoots an arrow.
The arrow hits you. The arrow burns you.
You feel much better.
You feel very sick.
Nessos shoots an arrow.
The arrow closely misses you.
Nessos shoots an arrow.
The arrow hits you! The arrow burns you.
You feel very sick.
Nessos unwields a +2 longbow of flaming.
It stops flaming.
Nessos hits you. Nessos closely misses you. Nessos hits you!
Nessos barely misses you.
You see here 24 gold pieces.
You sock Nessos! You kick Nessos, but do no damage.
You touch Nessos!
You sap their willpower!
Nessos is moderately wounded.
You feel sick.
Nessos casts a spell.
Nessos blinks!
You now have 393 gold pieces (gained 24).
You feel sick.
Nessos wields a +2 longbow of flaming.
It bursts into flame!
Nessos shoots an arrow.
The arrow hits you!!
* * * LOW HITPOINT WARNING * * *
The arrow burns you!
* * * LOW HITPOINT WARNING * * *
You feel much better.
You feel sick.
Nessos shoots an arrow.
You block the arrow.
Nessos casts a spell.
Nessos blinks!
You feel sick.
Nessos shoots an arrow.
The arrow hits you!
* * * LOW HITPOINT WARNING * * *
The arrow burns you!
You die...

#... .... #..##
##... ### ### #.c.#
#.#♣♣♣.♣♣ #...#
.#)#♣.♣.♣#. #.§.#
#8#..♣♣♣.#..# #...#
.#.#♣.♣.♣#....##@.##
#†#♣♣♣.♣♣#.........#
#.# ### ##.......P#
♣.♣♣ ♣ ♣#.....#.##
...♣#♣. ♣.#.....#.#
♣.♣♣#.♣♣.F#.....#.#
...♣#.♣..♣#.....#.##
♣.♣♣#...♣ #.#...#..#
...♣#..♣ #.....#..#


You could see Nessos (fast, weak-willed).

Vanquished Creatures
  Erica (D:8)
  A boulder beetle (Lair:2)
  A catoblepas (Lair:3)
  A hydra (Lair:3)
  A two-headed ogre (D:10)
  A death yak (Lair:1)
  Amaemon (D:8)
  An oklob plant (Lair:1)
  An elephant (Lair:3)
  A torpor snail (Lair:1)
  6 black mambas
  An orange demon (D:8)
  7 cane toads
  An efreet (D:10)
  Maggie (D:8)
  2 kobold demonologists (D:9)
  4 komodo dragons
  2 trolls (D:9)
  Grinder (D:4)
  A dream sheep (Lair:3)
  Prince Ribbit (D:8)
  9 blink frogs
  2 shadows
  A basilisk (Lair:2)
  18 yaks
  2 wyverns
  2 wraiths
  2 vampire mosquitoes (D:10)
  2 steam dragons
  11 water moccasins
  A black bear (D:6)
  6 orc warriors
  An ice beast (D:7)
  2 sky beasts
  4 centaurs
  A phantom (D:6)
  2 kobold brigands (D:9)
  Blork the orc (D:6)
  5 bullfrogs
  A scorpion (D:4)
  3 gnoll sergeants
  13 wights
  6 killer bees (D:8)
  2 howler monkeys
  A bombardier beetle (D:4)
  8 hounds
  A gnoll bouda (D:7)
  10 orc priests
  Crazy Yiuf (D:6)
  4 iguanas
  12 orc wizards
  23 gnolls
  8 adders
  A shadow imp (D:7)
  2 white imps (D:7)
  A dart slug (D:2)
  A ribbon worm (D:2)
  43 orcs
  5 endoplasms
  A giant cockroach (D:4)
  5 hobgoblins
  6 kobolds
  4 quokkas
  5 ball pythons
  2 bats (D:2)
  6 frilled lizards
  4 goblins
  5 rats
293 creatures vanquished.

Vanquished Creatures (collateral kills)
  A two-headed ogre (D:10)
1 creature vanquished.

Vanquished Creatures (others)
  A slime creature (Lair:3)
  2 water moccasins
  2 black bears
  A scorpion (D:5)
  21 jellies
  An orc priest (D:5)
  A hound (D:7)
  An iguana (D:5)
  A gnoll (D:5)
  2 adders (D:6)
  A white imp (D:6)
  A ribbon worm (D:5)
  A dart slug (D:3)
  7 orcs
  2 endoplasms (D:3)
  A goblin (D:4)
  2 hobgoblins
  2 quokkas (D:3)
  A ball python (D:3)
  A bat (D:3)
  A rat (D:3)
53 creatures vanquished.

Grand Total: 347 creatures vanquished

Notes
Turn   | Place    | Note
-------+----------+-------------------------------------------
     0 | D:1      | booth the Demonspawn Monk began the quest for the Orb.
     0 | D:1      | Reached XP level 1. HP: 18/18 MP: 1/1
    10 | D:1      | Found Latel's Assorted Antiques.
   557 | D:1      | Gained mutation: Your touch may inflict minor irresistible
                  | damage on your foes. [demonic ancestry]
   557 | D:1      | Reached XP level 2. HP: 22/24 MP: 2/2
   634 | D:1      | Reached skill level 3 in Axes
  1154 | D:2      | Gained mutation: A meltable shield of frost defends you.
                  | (SH +0) [demonic ancestry]
  1154 | D:2      | Reached XP level 3. HP: 14/29 MP: 3/3
  1515 | D:2      | Gained mutation: Your touch may inflict irresistible damage
                  | on your foes. [demonic ancestry]
  1515 | D:2      | Reached XP level 4. HP: 33/37 MP: 4/4
  1566 | D:2      | Reached skill level 4 in Axes
  1611 | D:2      | Found a faded altar of an unknown god.
  1646 | D:2      | Prayed at the altar of an unknown god.
  1646 | D:2      | Became a worshipper of Jiyva Jottum the Shapeless
  1646 | D:2      | Reached * piety under Jiyva
  1646 | D:2      | Reached ** piety under Jiyva
  1768 | D:2      | Reached *** piety under Jiyva
  1971 | D:3      | HP: 1/37 [kobold/+0 whip of electrocution (16)]
  2118 | D:3      | Gained mutation: You are partially covered in large bone
                  | plates. (SH +4) [demonic ancestry]
  2118 | D:3      | Reached XP level 5. HP: 42/42 MP: 5/5
  2227 | D:3      | Gained mutation: You have hidden genetic potential.
                  | [Jiyva's grace]
  2227 | D:3      | Gained mutation: You have great hidden genetic potential.
                  | [Jiyva's grace]
  2227 | D:3      | Gained mutation: Your mind is acute. (Int +4, Str/Dex -1)
                  | [Jiyva's grace]
  2227 | D:3      | Gained mutation: Your mind is very acute. (Int +8, Str/Dex
                  | -2) [Jiyva's grace]
  2380 | D:3      | Found a sparkling altar of Nemelex Xobeh.
  2552 | D:3      | Upgraded the game from 0.31.0-10-gcf4a605ca0 to
                  | 0.31.0-11-ge490571c62
  2596 | D:4      | Reached **** piety under Jiyva
  2675 | D:4      | Reached skill level 5 in Axes
  2779 | D:4      | Killed a black bear
  2814 | D:4      | Reached XP level 6. HP: 49/49 MP: 6/6
  2839 | D:4      | Gained mutation: You have large cloven feet. [hidden
                  | potential]
  2859 | D:4      | Noticed Grinder
  2888 | D:4      | Paralysed by Grinder for 4 turns
  2933 | D:4      | Killed Grinder
  2934 | D:4      | Reached skill level 5 in Fighting
  2934 | D:4      | Reached skill level 6 in Axes
  2934 | D:4      | Gained mutation: Your touch may irresistibly damage your
                  | foes and sap their willpower. [demonic ancestry]
  2934 | D:4      | Reached XP level 7. HP: 39/56 MP: 7/7
  2943 | D:4      | Gained mutation: Your spells are a little harder to cast,
                  | but a little more powerful. [hidden potential]
  2943 | D:4      | Lost mutation: You have great hidden genetic potential.
                  | [hidden potential expressed]
  3226 | D:4      | Found a stormy altar of Qazlal.
  3233 | D:4      | Found a hazy altar of Hepliaklqana.
  3243 | D:4      | Found a radiant altar of Vehumet.
  3379 | D:5      | Entered Level 5 of the Dungeon
  3656 | D:5      | Reached skill level 7 in Axes
  3700 | D:5      | Gained mutation: You are mostly covered in large bone
                  | plates. (SH +6) [demonic ancestry]
  3700 | D:5      | Reached XP level 8. HP: 58/64 MP: 8/8
  3752 | D:5      | Found an ornate altar of the Wu Jian Council.
  4045 | D:1      | Bought a scroll of identify for 40 gold pieces
  4045 | D:1      | Bought a scroll of identify for 40 gold pieces
  4404 | D:6      | Gained mutation: Your flesh is cold resistant. (rC+)
                  | [hidden potential]
  4406 | D:6      | Noticed Blork the orc
  4421 | D:6      | Reached skill level 8 in Axes
  4425 | D:6      | Killed Blork the orc
  4501 | D:6      | Reached skill level 9 in Axes
  4692 | D:6      | Found an ancient bone altar of Kikubaaqudgha.
  4693 | D:6      | Found a blossoming altar of Fedhas.
  4709 | D:6      | Lost mutation: You have hidden genetic potential. [Jiyva's
                  | grace]
  4709 | D:6      | Gained mutation: Your flesh is heat resistant. (rF+)
                  | [Jiyva's grace]
  4709 | D:6      | Gained mutation: Your flesh is very heat resistant. (rF++)
                  | [Jiyva's grace]
  4709 | D:6      | Gained mutation: Your flesh is almost immune to the effects
                  | of heat. (rF+++) [Jiyva's grace]
  4709 | D:6      | Gained mutation: You are robust. (+10% HP) [Jiyva's grace]
  4776 | D:6      | Found a runed translucent door.
  4777 | D:6      | Noticed Crazy Yiuf
  4947 | D:6      | Killed Crazy Yiuf
  4948 | D:6      | Gained mutation: Spells you cast may paralyse adjacent
                  | enemies. [demonic ancestry]
  4948 | D:6      | Reached XP level 9. HP: 75/79 MP: 9/9
  4954 | D:6      | Reached skill level 10 in Axes
  4954 | D:6      | Reached XP level 10. HP: 90/90 MP: 10/10
  5129 | D:7      | Reached skill level 11 in Axes
  5277 | D:7      | Found an iron altar of Okawaru.
  5288 | D:7      | Found a staircase to the Ecumenical Temple.
  5299 | Temple   | Entered the Ecumenical Temple
  5316 | D:7      | Found a shimmering altar of Xom.
  5477 | D:7      | Reached ***** piety under Jiyva
  5699 | D:8      | Found a basalt altar of Yredelemnul.
  5864 | D:8      | Noticed Erica
  5876 | D:8      | Killed Erica
  6071 | D:8      | Noticed Maggie
  6084 | D:8      | Killed Maggie
  6100 | D:8      | Noticed Prince Ribbit
  6138 | D:8      | Killed Prince Ribbit
  6144 | D:8      | Noticed an orange demon
  6193 | D:8      | Noticed Amaemon
  6204 | D:8      | Killed an orange demon
  6259 | D:8      | Killed Amaemon
  6260 | D:8      | Reached skill level 5 in Throwing
  6394 | D:8      | Reached XP level 11. HP: 83/97 MP: 11/11
  6566 | D:9      | Identified the ring of Cuusiy {rElec Will+}
  6575 | D:9      | Reached skill level 12 in Axes
  6697 | D:9      | Reached skill level 10 in Fighting
  6821 | D:9      | Lost mutation: Your flesh is almost immune to the effects
                  | of heat. (rF+++) [Jiyva's grace]
  6821 | D:9      | Lost mutation: You are robust. (+10% HP) [Jiyva's grace]
  6821 | D:9      | Gained mutation: You are somewhat resistant to further
                  | mutation. [Jiyva's grace]
  6821 | D:9      | Gained mutation: You are somewhat resistant to both further
                  | mutation and mutation removal. [Jiyva's grace]
  6821 | D:9      | Gained mutation: You are almost entirely resistant to
                  | further mutation and mutation removal. [Jiyva's grace]
  6821 | D:9      | Gained mutation: You are completely covered in large bone
                  | plates. (SH +8) [Jiyva's grace]
  6975 | D:9      | Found a bloodstained altar of Trog.
  6985 | D:9      | Identified a scroll of acquirement
  6985 | D:9      | Acquired the ring "Zohusyuh" {rPois Int+4}
  7044 | D:10     | Entered Level 10 of the Dungeon
  7146 | D:10     | Noticed a two-headed ogre
  7153 | D:10     | Killed a two-headed ogre
  7277 | D:10     | Found a staircase to the Lair.
  7306 | D:10     | Found a snail-covered altar of Cheibriados.
  7316 | D:10     | Noticed a two-headed ogre
  7329 | D:10     | Killed a two-headed ogre
  7505 | D:10     | Found a shimmering blue altar of Sif Muna.
  7653 | D:10     | Found a burning altar of Makhleb.
  8164 | Lair:1   | Entered Level 1 of the Lair of Beasts
  8232 | Lair:1   | Noticed a death yak
  8244 | Lair:1   | Killed a death yak
  8245 | Lair:1   | Reached skill level 13 in Axes
  8480 | Lair:1   | Mutation became permanent: You are mostly covered in large
                  | bone plates. (SH +6) [demonic ancestry]
  8480 | Lair:1   | Gained mutation: You are completely covered in large bone
                  | plates. (SH +8) [demonic ancestry]
  8480 | Lair:1   | Reached XP level 12. HP: 96/99 MP: 12/12
  8926 | Lair:2   | Found a staircase to the Snake Pit.
  9138 | Lair:2   | Lost mutation: Your mind is very acute. (Int +8, Str/Dex
                  | -2) [Jiyva's grace]
  9138 | Lair:2   | Lost mutation: Your flesh is very heat resistant. (rF++)
                  | [Jiyva's grace]
  9138 | Lair:2   | Lost mutation: Your flesh is heat resistant. (rF+) [Jiyva's
                  | grace]
  9138 | Lair:2   | Lost mutation: You are almost entirely resistant to further
                  | mutation and mutation removal. [Jiyva's grace]
  9138 | Lair:2   | Gained mutation: Your body has grown eyes which may confuse
                  | attackers. (Acc +3) [Jiyva's grace]
  9138 | Lair:2   | Gained mutation: Your body has grown many eyes which may
                  | confuse attackers. (Acc +5) [Jiyva's grace]
  9138 | Lair:2   | Gained mutation: Your body is covered in eyes which may
                  | confuse attackers. (Acc +7, SInv) [Jiyva's grace]
  9138 | Lair:2   | Gained mutation: You have a small jelly attached to you
                  | that senses nearby items. [Jiyva's grace]
  9248 | Lair:2   | Noticed a boulder beetle
  9270 | Lair:2   | Killed a boulder beetle
  9402 | Lair:2   | Reached skill level 14 in Axes
 10037 | Lair:3   | Noticed a catoblepas
 10047 | Lair:3   | Killed a catoblepas
 10198 | Lair:3   | Identified the +6 mace "Qakofruj" {drain, Fly rPois rN+
                  | Dex-3}
 10242 | Lair:3   | Noticed an eight-headed hydra
 10261 | Lair:3   | Killed an eight-headed hydra
 10270 | Lair:3   | Noticed Gastronok
 10393 | Lair:3   | Noticed Nessos
 10404 | Lair:3   | Shot with an arrow by Nessos

Illustrated notes

Levels and vault maps discovered:
D:1:      lemuel_arrival_rhombus, layout_basic, serial_shops,
          nicolae_shop_tiny_waterfront
D:2:      layout_loops_ring, hellmonk_ecumenical_altar_crossroads
D:3:      layout_basic, mainiacjoe_overflow_boulevard,
          mainiacjoe_overflow_alcove_1, minmay_gold_behind_fungi
D:4:      layout_basic, grunt_temple_overflow_diamond, uniq_grinder
D:5:      layout_basic, mainiacjoe_overflow_six_doors_small
D:6:      layout_rooms, grunt_temple_overflow_growth_and_decay, zin_academy,
          eino_tiny_chamber, uniq_crazy_yiuf_cottage, uniq_blork_the_orc
D:7:      layout_rooms, lemuel_crystal_altar, mainiacjoe_overflow_tiny_flanked,
          minmay_temple_entry_mist
D:8:      layout_basic, yredelemnul_altar_generic, uniq_amaemon,
          uniq_prince_ribbit1, uniq_erica, uniq_maggie
D:9:      nicolae_cairo_tiling_large_dashed, layout_basic,
          overflow_temple_1_default
D:10:     layout_loops_cross, mainiacjoe_overflow_cross_hatched,
          lightli_temple_of_fire, kennysheep_orc_sif_temple, lair_entry_dummy
D:11:     layout_basic, gammafunk_ghost_berserking_beasts, uniq_lodul,
          uniq_josephine
Temple:   nicolae_temple_bog_church
Lair:1:   layout_loops_ring, minmay_lair_oklob_bushes
Lair:2:   layout_cave_pods, minmay_snake_entry_six_corridors,
          grunt_megastairs_2, lemuel_fruit_fields, serial_bayou_shore_b
Lair:3:   nzn_winding_woodlands_three_and_one
          [nzn_winding_woodlands_5x15_pockets, nzn_winding_woodlands_5x15_pool,
          nzn_winding_woodlands_5x15_default,
          nzn_winding_woodlands_center_diamonds], layout_chaotic_city,
          elwin_shoals_entry_stream, ebering_ghost_rock_garden,
          nicolae_lair_grazing_beasts [nicolae_sub_lair_graze_edge,
          nicolae_sub_lair_graze_edge, nicolae_sub_lair_graze_edge,
          nicolae_sub_lair_graze_edge], uniq_nessos, uniq_gastronok

Skill      XL: |  1  2  3  4  5  6  7  8  9 10 11 12 |
---------------+-------------------------------------+-----
Axes           | 3 4 5 6 7 9 10 11 13 14 | 14.5
Fighting       | 4 5 6 7 8 9 10 11 | 11.6
Throwing       | 3 5 6 8 |  8.2
Armour         | 3 |  3.7
Dodging        | 4 |  4.9
Stealth        | 4 |  4.1

Action                     |  1- 3 |  4- 6 |  7- 9 | 10-12 || total
---------------------------+-------+-------+-------+-------++-------
  Melee: Hand axe          |   103 |   119 |   144 |   286 ||   652
         Kick              |       |     7 |    49 |   215 ||   271
         Touch             |       |       |     7 |   122 ||   129
         Punch             |       |       |       |     9 ||     9
         War axe           |       |       |       |   271 ||   271
         Mace              |       |       |       |     5 ||     5
  Throw: Dart              |       |     4 |     4 |     4 ||    12
         Boomerang         |       |       |       |    29 ||    29
 Invoke: Oozemancy         |       |     3 |     2 |     4 ||     9
         Slimify           |       |       |       |     1 ||     1
    Use: Scroll            |     2 |     4 |     4 |     6 ||    16
         Potion            |       |       |     2 |     5 ||     7
   Stab: Sleeping          |       |       |       |     5 ||     5
         Confused          |       |       |       |     6 ||     6
 Armour: Robe              |    44 |    18 |       |       ||    62
         Leather armour    |       |    46 |    58 |       ||   104
         Ring mail         |       |       |    50 |    14 ||    64
         Steam dragon scal |       |       |       |   236 ||   236
  Dodge: Dodged            |    59 |    70 |    78 |   206 ||   413
  Block: Other             |       |       |    26 |   227 ||   253
